Cogmind - Beta 15 @@@ ROGUE MODE // 2025.10.12 @ 10:11:49 Player: Rune Result: Destroyed by Y-45 Defender with Heavy Assault Rifle Performance ------------- Evolutions (2) 1000 Regions Visited (4) 800 Robots Destroyed (32) 160 Value Destroyed (722) 722 Prototype IDs (0) 0 Alien Tech Used (0) 0 Bonus (206) 206 TOTAL SCORE: 2888 Bonus ------- Follower Combat Kills 206 Cogmind --------- Core Integrity 0/550 Matter 172/300 Energy 99/100 System Corruption 0% Temperature Cool (9) Movement Core (200) Ox3 Location -8/Materials Parts ------- > --- POWER (2) -------- (None) > --- PROPULSION (2) --- (None) > --- UTILITY (4) ------ Medium Storage Unit Visual Processing Unit > --- WEAPON (3) ------- (None) > --- INVENTORY (10) --- (None) Peak State ------------ > --- POWER ------------ Ion Engine > --- PROPULSION ------- Aluminum Leg Aluminum Leg > --- UTILITY ---------- Medium Storage Unit Visual Processing Unit Core Shielding > --- WEAPON ----------- Light Assault Rifle Light Assault Rifle Light Cannon > --- INVENTORY -------- Medium Laser Particle Cannon Mini Grenade Launcher [Rating: 10] Favorites ----------- Power Ion Engine Engine Ion Engine Propulsion Aluminum Leg Leg Aluminum Leg Wheel Wheel Utility Medium Storage Unit Storage Medium Storage Unit Processor Visual Processing Unit Protection Core Shielding Weapon Light Assault Rifle Energy Gun Medium Laser Energy Cannon Particle Cannon Ballistic Gun Light Assault Rifle Ballistic Cannon Light Cannon Launcher Grenade Launcher Build | -11 -10 -9 -9 -8 ------- Run | Yrd Mat Mat Min Mat Slots Evolved 4 | . . 2 . 2 Power 1 | . . . . 1 Propulsion . | . . . . . Utility 2 | . . 1 . 1 Weapon 1 | . . 1 . . Parts Attached 23 | 5 12 2 1 3 Power 3 | . 3 . . . Engine 3 | . 3 . . . Core . | . . . . . Reactor . | . . . . . Propulsion 7 | 2 4 1 . . Treads . | . . . . . Leg 5 | . 4 1 . . Wheel 2 | 2 . . . . Hover . | . . . . . Flight . | . . . . . Utility 4 | 1 1 1 1 . Device . | . . . . . Storage 2 | 1 1 . . . Processor 1 | . . 1 . . Hackware . | . . . . . Protection 1 | . . . 1 . Artifact . | . . . . . Weapon 9 | 2 4 . . 3 Energy Gun 1 | . . . . 1 Energy Cannon 1 | . . . . 1 Ballistic Gun 4 | 2 2 . . . Ballistic Cannon 1 | . 1 . . . Launcher 2 | . 1 . . 1 Special Weapon . | . . . . . Impact Weapon . | . . . . . Slashing Weapon . | . . . . . Piercing Weapon . | . . . . . Special Melee Weapon . | . . . . . Unidentified Prototypes . | . . . . . Parts Lost 15 | . 5 . . 10 Power 2 | . 1 . . 1 Propulsion 3 | . 1 . . 2 Utility 1 | . . . . 1 Weapon 9 | . 3 . . 6 Highest Loss Streak 10 | . 4 . . 10 To Critical Strikes . | . . . . . Average Backups 1 | 1 . 1 2 2 Power . | . . . . . Propulsion . | . . . . . Utility . | . . . . . Weapon 1 | . . 1 2 2 Tool/Special . | . . . . . Unused Backups . | . . . . . Power . | . . . . . Propulsion . | . . . . . Utility . | . . . . . Weapon . | . . . . . Tool/Special . | . . . . . Average Slot Usage (%) 79 | . 78 79 97 70 Engine 9 | . 9 11 11 7 Leg 15 | . 12 22 22 13 Wheel 6 | . 14 . . . Storage 11 | . 14 11 11 9 Processor 4 | . . 2 11 9 Protection 3 | . . . 8 7 Ballistic Gun 19 | . 21 22 22 13 Ballistic Cannon 5 | . . 11 11 6 Launcher 2 | . 4 . . 1 Peak Build Rating 10 | 5 7 9 10 10 Average Rating 7 | 3 5 7 9 9 On Entrance 6 | . 5 6 9 10 Naked Turns . | . . . . . Heaviest Build 21 | 9 19 20 21 21 Greatest Support 26 | 26 26 20 20 20 Greatest Overweight (x) 5 | . 1 1 1 5 Average Overweight (x) . | . . . . 1 Largest Inventory Capacity 10 | 8 10 10 10 10 Average Capacity 9 | 6 8 10 10 10 Most Carried 5 | 5 5 4 4 3 Average Carried 1 | . . 1 2 2 Final Capacity 10 | 8 10 10 10 10 Final Carried 3 | . 2 2 3 . Class Distribution -------------------- 34% | Scavenger-Tank 33% | Mutant 17% | Scavenger-Mutant 5% | Scavenger-Gunner 5% | Scavenger-Skirmisher 3% | Skirmisher Dominant Class ---------------- Mutant | -10/Materials Scavenger-Gunner | -9/Materials Scavenger-Tank | -9/Mines Scavenger-Tank | -8/Materials Resources | -11 -10 -9 -9 -8 ----------- Run | Yrd Mat Mat Min Mat Matter Collected 689 | 109 432 30 . 118 Remotely . | . . . . . Salvage Created 737 | . 454 102 . 181 Parts 65 | . 44 8 . 13 Haulers Intercepted . | . . . . . Recyclers Shooed 1 | . . . . 1 Parts Field Recycled . | . . . . . Retrieved Matter . | . . . . . Parts Self-Destructed . | . . . . . Prevented . | . . . . . Kills | -11 -10 -9 -9 -8 ------- Run | Yrd Mat Mat Min Mat Combat Hostiles Destroyed 21 | . 14 2 . 5 Guns 11 | . 10 . . 1 Cannons 6 | . 1 2 . 3 AOE 4 | . 3 . . 1 Classes Destroyed 8 | . 6 . . 2 Worker 7 | . 6 . . 1 Builder 1 | . 1 . . . Tunneler 1 | . 1 . . . Watcher 2 | . 1 1 . . Swarmer 8 | . 6 . . 2 Grunt 10 | . 8 2 . . Sentry 2 | . . . . 2 Hunter 1 | . . . . 1 Best Kill Streak 3 | . 3 3 . 3 Combat Bots Only 3 | . 3 2 . 2 Max Kills in Single Turn 3 | . 3 1 . 2 Gunslinging 1 | . 1 . . . Exploded 3 | . 3 . . 1 Melee . | . . . . . Uniques/NPCs Destroyed . | . . . . . Combat | -11 -10 -9 -9 -8 -------- Run | Yrd Mat Mat Min Mat Hostile Shots Fired 208 | . 84 8 2 114 Missed 54 | . 25 4 2 23 Hits 154 | . 59 4 . 91 Projectile 154 | . 59 4 . 91 Critical Strikes 8 | . 1 1 . 6 Damage Taken 2228 | . 818 67 . 1343 Core 751 | . 189 . . 562 Absorbed by Shields . | . . . . . Redirected to Shielding 50 | . . . . 50 Core Remaining (%) 74 | 100 24 . 100 . Volleys Fired 76 | . 56 6 . 14 Largest 3 | . 2 3 . 3 Hottest 148 | . 50 70 . 148 Shots Fired 159 | . 102 18 . 39 Gun 124 | . 91 12 . 21 Cannon 22 | . 2 6 . 14 Launcher 13 | . 9 . . 4 Special . | . . . . . Kinetic 138 | . 93 18 . 27 Thermal 8 | . . . . 8 Explosive 13 | . 9 . . 4 Electromagnetic . | . . . . . Robot Hit Streak 8 | . 5 4 . 8 Robot Miss Streak 6 | . 3 4 . 6 Penetration Max . | . . . . . Secondary Targets 3 | . 3 . . . Max Gunslinging Chain 1 | . 1 . . . Shots Hit Robots 86 | . 58 9 . 19 Core Hits 58 | . 34 6 . 18 Critical Kills . | . . . . . Critical Parts Destroyed . | . . . . . Critical Strikes 1 | . . 1 . . Blast 1 | . . 1 . . Melee Attacks . | . . . . . Impact . | . . . . . Slashing . | . . . . . Piercing . | . . . . . Sneak Attacks . | . . . . . Combat Hostiles . | . . . . . Follow-up Attacks . | . . . . . Damage Inflicted 1609 | . 994 105 . 510 Guns 665 | . 502 56 . 107 Cannons 281 | . 18 49 . 214 Explosions 660 | . 474 . . 186 Melee . | . . . . . Ramming 3 | . . . . 3 Kinetic 860 | . 520 105 . 235 Thermal 202 | . 116 . . 86 Explosive 544 | . 358 . . 186 Electromagnetic . | . . . . . Impact . | . . . . . Slashing . | . . . . . Piercing . | . . . . . Highest Corruption 1 | . 1 . . . Average Corruption 1 | . 1 . . . Corruption Purged . | . . . . . Corruption Blocked . | . . . . . Effects 6 | . 6 . . . Message Errors 3 | . 3 . . . Heat Flow Errors 1 | . 1 . . . Energy Discharges 1 | . 1 . . . Alerts 1 | . 1 . . . Overload Shots . | . . . . . Overflow Damage 13 | . 13 . . . Projectiles . | . . . . . Explosions 13 | . 13 . . . Melee . | . . . . . Knockbacks 3 | . . . . 3 Impact . | . . . . . Kinetic 3 | . . . . 3 Secondary . | . . . . . Self-Inflicted Damage 204 | . 185 . . 19 Shots 8 | . 7 . . 1 Rammed . | . . . . . Targets Rammed 1 | . . . . 1 Kicked 1 | . . . . 1 Crushed . | . . . . . Highest Temperature 239 | . 216 63 . 239 Average Temperature 55 | . 47 34 . 70 Received Heat Transfer 870 | . 312 54 . 504 Siege Activations . | . . . . . Martial Activations . | . . . . . Shielding Activations . | . . . . . Robots Disrupted . | . . . . . Combat Hostiles . | . . . . . Robots Corrupted . | . . . . . Combat Hostiles . | . . . . . Parts Fried . | . . . . . Impact Corruptions . | . . . . . Robots Melted . | . . . . . Combat Hostiles . | . . . . . Parts Melted . | . . . . . Heat Transferred 285 | . 100 . . 185 Parts Sabotaged . | . . . . . Parts Stolen . | . . . . . Parts Stripped . | . . . . . Power Chain Reactions . | . . . . . Alert | -11 -10 -9 -9 -8 ------- Run | Yrd Mat Mat Min Mat Maximum Alert Level 1 | . 1 . . 1 Low Security (%) 81 | 100 56 100 100 99 Level 1 18 | . 43 . . . Level 2 . | . . . . . Level 3 . | . . . . . Level 4 . | . . . . . Level 5 . | . . . . . High Security . | . . . . . Max Security . | . . . . . Peak Influence 329 | . 329 90 31 215 Initial 63 | . . 63 31 . Average 115 | . 176 61 4 119 Influence Increases 1135 | . 616 57 . 462 Destroy 0b10 Robot/C 620 | . 280 40 . 300 Destroy 0b10 Robot/NC 55 | . 45 5 . 5 Destroy Leader 154 | . 62 12 . 80 Allied During Kill 51 | . . . . 51 Successful Hack 11 | . 7 . . 4 Disable Machine 120 | . 120 . . . Destroy Structure 94 | . 72 . . 22 Lose Combat Pursuer 30 | . 30 . . . Influence Decreases 1011 | . 466 127 80 338 Entered New Map 136 | . . 87 49 . Time Decay 515 | . 266 40 31 178 Lost Part 150 | . 50 . . 100 Lost Ally 60 | . . . . 60 Purge Threat 150 | . 150 . . . Squads Dispatched 10 | . 4 1 . 5 Investigation 3 | . 2 . . 1 Extermination . | . . . . . Reinforcement 4 | . 2 1 . 1 Assault . | . . . . . Garrison 3 | . . . . 3 Intercept . | . . . . . Searches Triggered . | . . . . . Construction Impeded . | . . . . . Haulers Reinforced . | . . . . . Active Scanning Responses . | . . . . . Cargo Convoy Interrupts . | . . . . . Stealth | -11 -10 -9 -9 -8 --------- Run | Yrd Mat Mat Min Mat Distress Signals 3 | . 2 1 . . Communications Jammed . | . . . . . Distress Signals . | . . . . . Times Spotted 42 | . 20 6 1 15 Peak Tracking Total 5 | . 5 3 2 5 Tactical Retreats 1 | . 1 . . . Traps | -11 -10 -9 -9 -8 ------- Run | Yrd Mat Mat Min Mat Traps Triggered 3 | . 2 . . 1 Indirectly . | . . . . . Trap Hack Attempts . | . . . . . Triggered . | . . . . . Disarmed . | . . . . . Reprogrammed . | . . . . . Reused . | . . . . . Traps Extracted . | . . . . . Installed . | . . . . . Triggered . | . . . . . Machines | -11 -10 -9 -9 -8 ---------- Run | Yrd Mat Mat Min Mat Machines Disabled 8 | . 8 . . . Max in Single Turn 2 | . 2 . . . Machines Repaired . | . . . . . Machines Dismantled . | . . . . . Machines Sabotaged . | . . . . . Overloaded Fab Kills . | . . . . . Hacking | -11 -10 -9 -9 -8 --------- Run | Yrd Mat Mat Min Mat Machines Accessed 7 | . 5 . . 2 Terminals 6 | . 5 . . 1 Fabricators . | . . . . . Repair Stations . | . . . . . Recycling Units . | . . . . . Scanalyzers . | . . . . . Garrison Access 1 | . . . . 1 Total Hacks 14 | . 11 . . 3 Successful 10 | . 7 . . 3 Failed 4 | . 4 . . . Catastrophic . | . . . . . Database Lockouts . | . . . . . Manual . | . . . . . Terminals 12 | . 11 . . 1 Fabricators . | . . . . . Repair Stations . | . . . . . Recycling Units . | . . . . . Scanalyzers . | . . . . . Garrison Access 2 | . . . . 2 Terminal Hacks 8 | . 7 . . 1 Record 2 | . 2 . . . Emergency Access Points 1 | . 1 . . . Alert Level 2 | . 1 . . 1 Unreport Threat 1 | . 1 . . . Zone Layout 2 | . 2 . . . Fabricator Hacks . | . . . . . Repair Station Hacks . | . . . . . Recycling Unit Hacks . | . . . . . Scanalyzer . | . . . . . Garrison Access Hacks 2 | . . . . 2 Unlock Access 1 | . . . . 1 Coupler Status 1 | . . . . 1 Unauthorized Hacks . | . . . . . Terminals . | . . . . . Fabricators . | . . . . . Repair Stations . | . . . . . Recycling Units . | . . . . . Scanalyzers . | . . . . . Garrison Access . | . . . . . Data Cores Recovered . | . . . . . Used . | . . . . . Hacking Detections 2 | . 2 . . . Full Trace Events 1 | . 1 . . . Feedback Events . | . . . . . Feedback Blocked . | . . . . . Robot Schematics Acquired . | . . . . . Robots Built . | . . . . . Authchips . | . . . . . Time . | . . . . . Total Robot Build Rating . | . . . . . Part Schematics Acquired . | . . . . . Parts Built . | . . . . . Authchips . | . . . . . Time . | . . . . . Total Part Build Rating . | . . . . . Parts Repaired . | . . . . . Time . | . . . . . Parts Recycled . | . . . . . Recycled Matter . | . . . . . Retrieved Matter . | . . . . . Retrieved Components . | . . . . . Parts Scanalyzed . | . . . . . Part Schematics Acquired . | . . . . . Parts Damaged . | . . . . . Bothacking | -11 -10 -9 -9 -8 ------------ Run | Yrd Mat Mat Min Mat Used RIF Installer . | . . . . . Robots Hacked . | . . . . . Non-combat . | . . . . . Combat . | . . . . . Robot Hacks Applied . | . . . . . Relay Couplers Released . | . . . . . Fabnet Peak Effective % . | . . . . . Robots Rewired . | . . . . . Allies Hacked . | . . . . . Hacks Repelled . | . . . . . Allies | -11 -10 -9 -9 -8 -------- Run | Yrd Mat Mat Min Mat Total Allies 3 | . . . 3 . Largest Group 3 | . . . 3 3 Highest-Rated Group 40 | . . . 40 40 Highest-Rated Ally 16 | . . . 16 16 Total Orders . | . . . . . Ally Attacks 44 | . . . . 44 Total Damage 447 | . . . . 447 Kills 10 | . . . . 10 Allies Corrupted . | . . . . . Allies Melted . | . . . . . Intel | -11 -10 -9 -9 -8 ------- Run | Yrd Mat Mat Min Mat Active Infowar (turns) 697 | . . 16 269 412 Optics 697 | . . 16 269 412 Robot Analysis Total . | . . . . . Derelict Logs Recovered 2 | . . . 2 . Drone Launches . | . . . . . Drone Recoveries . | . . . . . Exploration | -11 -10 -9 -9 -8 ------------- Run | Yrd Mat Mat Min Mat Turns Passed 1444 | 39 625 99 269 412 Spaces Moved 870 | 38 426 61 159 186 Core 40 | 12 . . . 28 Treads . | . . . . . Legs 548 | . 170 61 159 158 Wheels 282 | 26 256 . . . Hover . | . . . . . Flight . | . . . . . Fastest Speed 50 | 50 90 120 120 190 Average Speed 135 | 77 102 124 168 197 Slowest Speed 300 | 90 190 190 190 300 Overloaded Moves . | . . . . . Propulsion Burnouts . | . . . . . Robots Hopped . | . . . . . Potential Cave-ins . | . . . . . Cave-ins Triggered . | . . . . . Exploration Rate (%) 27 | 4 66 7 37 22 Regions Visited 4 Branch Regions 1 Pre-discovered Areas . | . . . . . Known Exits Taken . | . . . . . Unknown Exits Taken 4 | 1 1 1 1 . Scrap Searched . | . . . . . Spaces Dug . | . . . . . Terrain Destroyed 118 | . 79 . . 39 Melee . | . . . . . Projectile 1 | . . . . 1 AOE 117 | . 79 . . 38 Terrain Rammed . | . . . . . Walls Destroyed . | . . . . . Machines Disabled . | . . . . . Actions | -11 -10 -9 -9 -8 --------- Run | Yrd Mat Mat Min Mat Total 1010 | 47 524 74 161 204 Wait 6 | . 6 . . . Move 866 | 37 425 60 158 186 Hop . | . . . . . Pick Up 23 | 5 13 3 2 . Fast Attach . | . . . . . Attach 24 | 5 12 3 1 3 Detach 7 | . 6 1 . . Swap 1 | . 1 . . . Drop 6 | . 5 1 . . Fire 76 | . 56 6 . 14 Melee . | . . . . . Ram . | . . . . . Kick 1 | . . . . 1 Crush . | . . . . . Escape Stasis . | . . . . . Rewire . | . . . . . Trap . | . . . . . Miscellaneous . | . . . . . Route ------- -11/Scrapyard -10/Materials -9/Materials -9/Mines -8/Materials (discovered 2 exits: [*Fac] / Gar) History --------- Turn | Location | Event 18 | -11/Scrapyard | Discovered new exit (range 16) 40 | -11/Scrapyard | Entered Materials 305 | -10/Materials | Build established: Mutant 447 | -10/Materials | Core integrity fell below 50% 475 | -10/Materials | Lost 4 parts (1p1n2w) 655 | -10/Materials | Discovered new exit (range 6) 665 | -10/Materials | Entered another Materials area 665 | -9/Materials | Evolved 2 slots: Utility x1, Weapon x1 715 | -9/Materials | Discovered new exit (range 13) 764 | -9/Materials | Entered Mines 781 | -9/Mines | Learned Materials security intel 786 | -9/Mines | Learned Materials interactive machine intel 809 | -9/Mines | Joined a pair of Derelicts in attacking an 0b10 outpost 887 | -9/Mines | Assisted by bots powering up and referring to "LRC-V3" 920 | -9/Mines | Assembled infested the area 997 | -9/Mines | Discovered new exit (range 17) 1033 | -9/Mines | Entered Materials 1033 | -8/Materials | Accompanied by 3 allies 1033 | -8/Materials | Evolved 2 slots: Power x1, Utility x1 1035 | -8/Materials | Loaded intel: 19 interactive machine locations 1131 | -8/Materials | Build established: Scavenger-Tank 1341 | -8/Materials | Identified exit to Garrison 1367 | -8/Materials | Discovered new exit (range 10) 1382 | -8/Materials | Lost 3 allies 1391 | -8/Materials | Core integrity fell below 50% 1434 | -8/Materials | Core integrity fell below 20% 1445 | -8/Materials | Destroyed by Y-45 Defender with Heavy Assault Rifle Last Messages --------------- Med. Laser destroyed. The unstable cave ceiling collapses. K-01 Serf collects debris. Critical hit (Burn: +37). Particle Cannon destroyed. The unstable cave ceiling collapses. K-01 Serf collects debris. Critical hit (Burn: +37). The unstable cave ceiling collapses. K-01 Serf collects debris. Mni. Grenade Launcher destroyed. Critical hit (Burn: +37). The unstable cave ceiling collapses. K-01 Serf collects debris. The unstable cave ceiling collapses. K-01 Serf collects debris. T-07 Excavator is excavating. K-01 Serf collects debris. T-07 Excavator is excavating. The unstable cave ceiling collapses. Map ----- +----------------------------------------------------+ | | | | | | | | | | | | | | | | | | | | | ???????????????????????????????????????? | | ???????????????????????????????????????? | | ???????????????????????????????????????? | | ???????????????????????????????????????? | | ????????????????####?????????????""????? | | ??????????????### ###??????????S""????? | | ??????????????# # # ##?????????""?????? | | ?????????###### # #######+####?????? | | ?????????# %%[##### ??????? | | ?????????#==%==*k # < ??????? | | ?????????#=!==%* ?????????? | | # ??????#%%">"%=] # ?????????????? | | # ????# %"G"!=!= #????????????????? | | # ??# "*% [ #????????????????? | | # # Y [=* # # t #?"T"?? | | # + @ #????????????? | | # # # ##### #????????????? | | # [??# ####????? #????????????? | | # ????# ###????????? #???????????? | | ?######### #???????????? #???????????? | | ???# #?????????????+???????????? | | ???# #?????????????????????????? | | ???# #?????????????????????????? | | ???# ### #?????????????????????????? | | ?### ### #?????????????????????????? | | ?# # #?????????????????????????? | | ?# ![ # #?????????????????????????? | | ?# *%= # #??????#??????????????????? | | ?# =[ # # #??????????????????? | | ?# # T ?????????????? | | ?######### #########???????????????????? | | ?????????# #???????????????????????????? | | ?????????# #???????????????????????????? | | ?????????# #???????????????????????????? | | ?????????# #???????????????????????????? | | ?????????# #???????????????????????????? | | ???####### #???????????????????????????? | | ???# #??????????????T????????????? | | ???# *=#???????????????????????????? | | ???# ==%#???????????????????????????? | +----------------------------------------------------+ Best States ------------- Heat Dissipation 31 Energy Generation 10 Energy Capacity 250 Matter Stores 246 Matter Capacity 300 Sight Range 18 Terrain Scan Density 10 Core Shielding 20 Evasion (%) 55 Item Schematics ----------------- None Robot Schematics ------------------ None Fabricated ------------ Nothing Repaired ---------- Nothing Alien Tech Used ----------------- None Achievements -------------- None Challenges ------------ None Game ------ Seed NetworkedDeflectorDetonator Manual? 0 Play Time 00:17:50 Cumulative 10.5 hours Start 2025.10.12 @ 09:54:25 End 2025.10.12 @ 10:11:49 Sessions 1 Manual Loads 0 Difficulty Rogue Special Mode None Game No. 36 Rogue 36 Adventurer 0 Explorer 0 Win Type - Total 0 Types 0/0/0/0/0/0/0/0/0/0 Lore% 1 Gallery% 11 Achievement% 10 Wizard Run 0 Options --------- Layout 1 ASCII 0 Keyboard 1 Movement Numpad Keybinds 0 Fullscreen 1 Font 32/SmallcapsGlow Map View 50x35 Zoom Use 0% Tactical HUD 0 Map Filters NONE Filters NONE Steam 1 RUN: eedfd012-08af-4c40-85ec-c339d6079624